 Dungeon Crawl Stone Soup version 0.29-a0-40-g8eb35efe60 (webtiles) character file.

Game seed: 1130520815581963974

18825 frimble the Frost Mage (level 12, -4/97 HPs)
             Began as a Demonspawn Ice Elementalist on Feb 2, 2022.
             Was a Priest of Cheibriados.
             Slain by a starcursed mass (9 damage)
             ... on level 2 of the Abyss.
             The game lasted 00:18:41 (15966 turns).

frimble the Frost Mage (DsIE)                      Turns: 15966, Time: 00:18:42

Health: -4/97      AC: 13    Str: 19    XL:     12   Next: 31%
Magic:  12/16      EV: 16    Int: 27    God:    Cheibriados [***...]
Gold:   863        SH:  0    Dex: 26    Spells: 6/15 levels left

rFire   + . .      SeeInvis .     - Unarmed
rCold   x . .      Faith    .   (no shield)
rNeg    . . .      Spirit   .   J - +3 troll leather armour
rPois   .          Reflect  .   (helmet restricted)
rElec   .          Harm     .   (no cloak)
rCorr   .          Rampage  .   h - +0 pair of gloves
Will    .....                   r - +0 pair of boots "Seqil" {Int+2 Dex+5}
Stlth   ++........              G - amulet of regeneration
HPRegen 1.86/turn               F - +4 ring of protection
MPRegen 0.15/turn               C - ring of fire

@: about to teleport, very slow
A: claws 1, horns 2, ignite blood 1, demonic magic 1, weakness stinger 2
a: Renounce Religion, Bend Time, Temporal Distortion


You were on level 2 of the Abyss.
You worshipped Cheibriados.
Cheibriados was most pleased with you.
You visited 2 branches of the dungeon, and saw 15 of its levels.
You visited the Abyss 1 time.

You collected 1247 gold pieces.
You spent 384 gold pieces at shops.

Inventory:

Armour
 d - a +1 pair of boots
 h - a +0 pair of gloves (worn)
 r - the +0 pair of boots "Seqil" (worn) {Int+2 Dex+5}
   (You found it on level 5 of the Dungeon)

   Int:       It affects your intelligence (+2).
   Dex:       It affects your dexterity (+5).
 J - a +3 troll leather armour (worn)
Jewellery
 i - a ring of ice
 o - a +4 ring of slaying
 v - a ring of willpower
 C - a ring of fire (right hand)
 F - a +4 ring of protection (left hand)
 G - an amulet of regeneration (around neck)
 K - a ring of flight
 M - a ring of positive energy
 N - a +6 ring of intelligence
Wands
 a - a wand of polymorph (4)
 c - a wand of flame (55)
 e - a wand of iceblast (20)
 n - a wand of acid (18)
 L - a wand of mindburst (14)
Scrolls
 k - 3 scrolls of torment
 q - 4 scrolls of blinking
 s - a scroll of enchant armour
 t - 3 scrolls of teleportation
 x - a scroll of enchant weapon
 y - a scroll of summoning
 A - 3 scrolls of magic mapping
 B - 3 scrolls of identify
 E - 2 scrolls of fog
 I - a scroll of immolation
 O - a scroll of fear
Potions
 b - 4 potions of heal wounds
 f - 4 potions of flight {unknown}
 g - 2 potions of resistance {unknown}
 j - 3 potions of curing {unknown}
 l - a potion of attraction {unknown}
 m - 3 potions of magic {unknown}
 p - 2 potions of mutation {unknown}
 u - a potion of cancellation {unknown}
 w - a potion of lignification
 z - a potion of haste {unknown}
 D - a potion of brilliance {unknown}
 H - 4 potions of berserk rage


   Skills:
 + Level 10.1 Fighting
 + Level 5.1 Dodging
 - Level 1.7 Stealth
 + Level 9.3 Unarmed Combat
 - Level 2.0 Spellcasting
 - Level 7.0 Translocations
 + Level 10.4 Ice Magic
 + Level 6.0 Invocations


You had 6 spell levels left.
You knew the following spells:

 Your Spells              Type           Power      Damage    Failure   Level
a - Freeze                Ice            100%       1d11      1%          1
b - Ozocubu's Armour      Ice            56%        N/A       1%          3
c - Frozen Ramparts       Ice            100%       1d12      1%          3
d - Blink                 Tloc           80%        N/A       1%          2

Your spell library contained the following spells:

 Spells                   Type           Power      Damage    Failure   Level
 Gell's Gravitas          Tloc           40%        N/A       1%          3
 Teleport Other           Tloc           40%        N/A       1%          3
 Portal Projectile        Hex/Tloc       42%        N/A       9%          3
 Magic Dart               Conj           8%         1d3       12%         1
 Sandblast                Erth           4%         2d4       12%         1
 Hailstorm                Conj/Ice       31%        3d8       14%         4
 Passwall                 Tmut/Erth      1%         N/A       17%         2
 Searing Ray              Conj           4%         2d4       17%         2
 Sublimation of Blood     Necr           2%         N/A       17%         2
 Manifold Assault         Tloc           40%        N/A       19%         5
 Call Canine Familiar     Summ           2%         N/A       34%         3
 Stone Arrow              Conj/Erth      4%         3d7       34%         3
 Tukima's Dance           Hex            2%         N/A       34%         3
 Dispersal                Tloc           20%        N/A       69%         6
 Anguish                  Hex/Necr       1%         N/A       75%         4
 Fulminant Prism          Conj/Hex       1%         3d6       75%         4
 Leda's Liquefaction      Hex/Erth       1%         N/A       75%         4
 Olgreb's Toxic Radiance  Pois           2%         N/A       75%         4
 Petrify                  Tmut/Erth      2%         N/A       75%         4
 Irradiate                Conj/Tmut      1%         3d14      97%         5
 Ozocubu's Refrigeration  Ice            28%        4d10      80%         7
 Enfeeble                 Hex            1%         N/A       100%        7
 Storm Form               Tmut/Air       1%         N/A       100%        7
 Ignition                 Fire           2%         3d3       100%        8


Dungeon Overview and Level Annotations

Branches:
Dungeon (14/15)            Temple (1/1) D:4            Lair (0/6) D:9
    Orc (0/2) D:9          Vaults (0/5) D:13

Altars:
Ashenzari
Cheibriados
Dithmenos
Elyvilon
Fedhas
Gozag
Hepliaklqana
Kikubaaqudgha
Makhleb
Nemelex Xobeh
Okawaru
Qazlal
Ru
Sif Muna
Trog
Uskayaw
Vehumet
Wu Jian
Xom
Yredelemnul
Zin
The Shining One
Beogh

Shops:
D:2 [(**=   D:5 *   D:6 !   D:9 :

Annotations:
D:2 1 runed translucent door, Crazy Yiuf


Innate Abilities, Weirdness & Mutations

You have sharp fingernails.
You have a pair of horns on your head.
Your demonic aura sometimes causes spilled blood to erupt in flames.
Spells you cast may paralyse adjacent enemies.
You have a tail ending in a sharp stinger.


Message History

A starcursed mass splits.
The heat melts your icy armour.
You punch the hell hog! You tail-slap the hell hog.
You kill the hell hog!
That felt strangely unrewarding.
You punch the small abomination! You headbutt the small abomination.
The small abomination is moderately damaged.
The small abomination misses you.
A starcursed mass splits.
You closely miss the small abomination.
You headbutt the small abomination, but do no damage.
The small abomination is moderately damaged.
The small abomination closely misses you.
A deafening chorus of shrieks assaults your mind!
You suddenly lose the ability to move!
A deafening chorus of shrieks assaults your mind!
* * * LOW HITPOINT WARNING * * *
The small abomination barely misses you.
You can move again.
Okay, then.
Unknown command.
As you read the scroll of teleportation, it crumbles to dust.
You feel strangely unstable.
You feel the power of the Abyss delaying your translocation!
The starcursed mass touches you!
* * * LOW HITPOINT WARNING * * *
The small abomination hits you.
* * * LOW HITPOINT WARNING * * *
A starcursed mass splits.
Casting: Ozocubu's Armour (safe; 1% risk of failure)
Confirm with . or Enter, or press ? or * to list all spells.
Your icy armour will break if you move.
Continue?
You blink.
Your icy armour cracks and falls away as you move.
Malevolent energies surge around you.
A starcursed mass splits. x2
You feel stable enough to blink again.
A cacophony of accursed wailing tears at your sanity!
* * * LOW HITPOINT WARNING * * *
The starcursed mass touches you but does no damage.
The starcursed mass touches you!
You die...

.....##..#..# # . .
#####........###..#
........##.....#
...#...##ยง...# #
##...XX...##.#
.#..#XxX#..##.#
#..#..XXX##.... ##
#.XXX........#
.###@.##....#.#
.#.#...# ##.... .
##..##.. # # #..
.##.# ..# . .. ##.
#. .. ## . .


You could see 10 starcursed masses and a small abomination.

Vanquished Creatures
  A hydra (D:13)
  2 centaur warriors
  6 two-headed ogres
  A hell hog (Abyss:2)
  The ghost of axecop the Vandal, a novice HOWn of Okawaru (D:4)
  A cyclops (D:11)
  The ghost of Cecur the Covert, a novice FeMo of Yredelemnul (D:7)
  A gargoyle (D:10)
  2 unseen horrors (D:11)
  4 kobold demonologists
  2 komodo dragons
  A tengu conjurer (D:13)
  3 trolls
  A hornet (D:10)
  A slime creature (D:13)
  A shadow (D:12)
  A wraith (D:10)
  A fire bat (Abyss:2)
  9 yaks
  3 wyverns (D:10)
  A basilisk (D:13)
  12 vampire mosquitoes
  An acid dragon (D:13)
  10 orc warriors
  A hornet zombie (D:9)
  4 black bears
  2 ice beasts
  A sky beast (D:7)
  4 necrophages
  3 centaurs
  A phantom (D:5)
  5 kobold brigands
  3 bullfrogs
  A wyvern skeleton (D:7)
  6 howler monkeys
  8 wights
  A quasit (Abyss:2)
  4 centaur zombies
  A bullfrog zombie (D:5)
  2 hounds
  7 orc priests
  A centaur skeleton (D:4)
  A gnoll shaman (D:7)
  An iron imp (Abyss:2)
  6 iguanas
  9 orc wizards
  A hound skeleton (D:5)
  2 howler monkey zombies
  11 adders
  3 gnolls (D:7)
  A white imp (D:8)
  A worm (D:2)
  5 dart slugs
  38 orcs
  7 ball pythons
  4 endoplasms
  5 giant cockroaches
  12 goblins
  4 hobgoblins
  24 kobolds
  4 quokkas
  2 bats (D:2)
  7 frilled lizards
  5 rats
275 creatures vanquished.

Vanquished Creatures (others)
  2 plants (D:2)
  A withered plant (D:11)
3 creatures vanquished.

Grand Total: 278 creatures vanquished

Notes
Turn   | Place    | Note
-------+----------+-------------------------------------------
     0 | D:1      | frimble the Demonspawn Ice Elementalist began the quest for
                  | the Orb.
     0 | D:1      | Reached XP level 1. HP: 13/13 MP: 3/3
   563 | D:1      | Found a faded altar of an unknown god.
   604 | D:1      | Gained mutation: Your demonic aura sometimes causes spilled
                  | blood to erupt in flames. [demonic ancestry]
   604 | D:1      | Reached XP level 2. HP: 19/19 MP: 1/5
  1353 | D:1      | Discovered your monstrous ancestry.
  1353 | D:1      | Gained mutation: You have a pair of small horns on your
                  | head. [demonic ancestry]
  1353 | D:1      | Reached XP level 3. HP: 21/24 MP: 6/6
  2003 | D:2      | Found Cexofisa's Assorted Antiques.
  2030 | D:2      | Bought a scroll labelled ROFUMI NEGOMP for 26 gold pieces
  2388 | D:2      | Found Furghanyr's Assorted Antiques.
  2620 | D:2      | Found Sahyun's Jewellery Shop.
  2722 | D:2      | Found Yggiec's Antique Armour Shop.
  2855 | D:2      | Reached skill level 1 in Fighting
  2855 | D:2      | Reached XP level 4. HP: 19/32 MP: 4/7
  2858 | D:2      | Reached skill level 1 in Unarmed Combat
  2986 | D:2      | Found an ornate altar of the Wu Jian Council.
  3101 | D:2      | Found Epuuwkia's Weapon Shop.
  3130 | D:2      | Found a runed translucent door.
  3130 | D:2      | Identified the +1 mace of Cidyipt {vorpal, rPois Str+4
                  | SInv}
  3131 | D:2      | Noticed Crazy Yiuf
  3704 | D:3      | Learned a level 3 spell: Ozocubu's Armour
  4039 | D:3      | Reached skill level 5 in Ice Magic
  4762 | D:4      | Found a runed translucent door.
  4774 | D:4      | Noticed axecop's ghost (novice HOWn)
  4778 | D:4      | Reached XP level 5. HP: 38/38 MP: 8/8
  5345 | D:4      | Found a stormy altar of Qazlal.
  5355 | D:4      | Found a staircase to the Ecumenical Temple.
  5387 | D:4      | Noticed a centaur
  5402 | D:4      | Killed a centaur
  5403 | D:4      | Gained mutation: Spells you cast may paralyse adjacent
                  | enemies. [demonic ancestry]
  5403 | D:4      | Reached XP level 6. HP: 29/46 MP: 4/9
  6190 | D:2      | Bought a scroll labelled XYZUUCZA BIOCO for 28 gold pieces
  6313 | D:5      | Entered Level 5 of the Dungeon
  6551 | D:5      | Learned a level 3 spell: Frozen Ramparts
  6563 | D:5      | Gained mutation: You have sharp fingernails. [demonic
                  | ancestry]
  6563 | D:5      | Reached XP level 7. HP: 33/53 MP: 4/10
  6687 | D:5      | Found Racac's Overcharged Wands.
  6936 | D:5      | Learned a level 2 spell: Blink
  7023 | D:5      | Identified the +0 pair of boots "Seqil" {Int+2 Dex+5}
  7171 | D:5      | Reached skill level 1 in Translocations
  7258 | D:5      | Reached XP level 8. HP: 54/61 MP: 11/11
  7615 | D:6      | Reached skill level 5 in Fighting
  7951 | D:6      | Found Gaoqiarph's Distillery.
  7963 | D:6      | Bought a potion of lignification for 30 gold pieces
  8304 | D:7      | Noticed a two-headed ogre
  8686 | D:7      | Found a runed translucent door.
  8740 | D:7      | Noticed Cecur's ghost (novice FeMo)
  9086 | D:8      | Reached skill level 5 in Unarmed Combat
  9609 | D:9      | Reached XP level 9. HP: 63/69 MP: 12/12
  9683 | D:9      | Found Laczong's Book Emporium.
  9708 | D:9      | Noticed a two-headed ogre
 10036 | D:9      | Found a staircase to the Orcish Mines.
 10409 | D:9      | Found a staircase to the Lair.
 10901 | D:9      | Noticed a centaur warrior
 10909 | D:9      | Killed a centaur warrior
 10910 | D:9      | Reached skill level 5 in Translocations
 11065 | D:9      | Noticed a two-headed ogre
 11077 | D:9      | Killed a two-headed ogre
 11078 | D:9      | Gained mutation: You have a pair of horns on your head.
                  | [demonic ancestry]
 11078 | D:9      | Reached XP level 10. HP: 79/79 MP: 6/13
 11082 | D:9      | Killed a two-headed ogre
 12428 | D:2      | Bought an amulet of regeneration for 300 gold pieces
 12579 | D:4      | Killed axecop's ghost
 12729 | D:7      | Killed Cecur's ghost
 12837 | D:10     | Entered Level 10 of the Dungeon
 12974 | Temple   | Entered the Ecumenical Temple
 13044 | Temple   | Became a worshipper of Cheibriados the Contemplative
 13382 | D:10     | Noticed an orange demon
 13427 | D:10     | Noticed a two-headed ogre
 13427 | D:10     | Noticed a gargoyle
 13438 | D:10     | Killed a two-headed ogre
 13439 | D:10     | Gained mutation: You have a small tail. [demonic ancestry]
 13439 | D:10     | Reached XP level 11. HP: 47/87 MP: 8/14
 13514 | D:10     | Reached * piety under Cheibriados
 13584 | D:10     | Noticed a sixfirhy
 13651 | D:10     | Noticed a two-headed ogre
 13657 | D:10     | Killed a two-headed ogre
 13658 | D:10     | Reached skill level 1 in Invocations
 13893 | D:10     | Paralysed by a hornet for 1 turns
 13897 | D:10     | Paralysed by a hornet for 3 turns
 14271 | D:11     | Reached ** piety under Cheibriados
 14374 | D:11     | You fall into a shaft and drop 3 floors!
 14374 | D:14     | Noticed a two-headed ogre
 14394 | D:13     | Noticed a two-headed ogre
 14400 | D:13     | Killed a two-headed ogre
 14443 | D:13     | Reached skill level 10 in Ice Magic
 14660 | D:12     | Noticed a two-headed ogre
 14664 | D:12     | Killed a two-headed ogre
 14730 | D:12     | Noticed a centaur warrior
 14741 | D:12     | Killed a centaur warrior
 14742 | D:12     | Gained mutation: You have a tail ending in a sharp stinger.
                  | [demonic ancestry]
 14742 | D:12     | Reached XP level 12. HP: 96/97 MP: 15/15
 14779 | D:12     | Reached skill level 5 in Invocations
 15192 | D:11     | Reached *** piety under Cheibriados
 15272 | D:11     | Reached skill level 10 in Fighting
 15342 | D:11     | Reached skill level 5 in Dodging
 15698 | D:13     | Noticed a six-headed hydra
 15709 | D:13     | Killed a six-headed hydra
 15863 | D:13     | Found a gate to the Vaults.
 15867 | D:13     | Cast into level 2 of the Abyss (a wizard)
 15949 | Abyss:2  | Noticed a hell hog
 15952 | Abyss:2  | Noticed a starcursed mass
 15958 | Abyss:2  | Killed a hell hog
 15961 | Abyss:2  | Paralysed by accursed screaming for 1 turns
 15966 | Abyss:2  | Slain by a starcursed mass

Illustrated notes

Levels and vault maps discovered:
D:1:      evilmike_arrival_hilbert_curve, layout_basic,
          ebering_ecumenical_altar_webs, wander_ebering_terrifying_dragon_lair
D:2:      minmay_wonky_spiral, layout_loops_ring, basic_altar, serial_shops,
          shop_fountains, nicolae_shop_overgrown_old_shop, shop, shop_statue,
          shop, kennysheep_generic_room_9, uniq_crazy_yiuf_cottage
D:3:      layout_loops_ring, minivault_24
D:4:      layout_basic, grunt_qazlal_clouds, minmay_temple_entry_antechambers,
          ebering_ghost_sewer_d, minmay_fractal_squares_5
D:5:      layout_cave_pools, nicolae_shop_overcharged_wands
D:6:      layout_basic, nicolae_stop_n_shop_2
D:7:      layout_gridville, ebering_ghost_inner_flame
D:8:      layout_basic, kennysheep_windowed_goal
D:9:      layout_loops_ring, lair_entry_dummy, minmay_orc_entry_temple_small,
          serial_shops, kennysheep_little_box, minmay_three_doors
D:10:     minmay_polygon_palace, layout_rooms
D:11:     layout_rooms, serial_undead, serial_undead_e, serial_undead_a,
          serial_undead_e, serial_undead_c
D:12:     layout_basic
D:13:     layout_cave_pods, david_vaults_1, special_room [special_room_bee]
D:14:     layout_stronghold
Temple:   compressed_dpeg_triangle_lava_temple
Abyss:2:  base:
D:2

Skill      XL: |  1  2  3  4  5  6  7  8  9 10 11 12 |
---------------+-------------------------------------+-----
Ice Magic      | 4 5 6 7 8 9 10 | 10.4
Fighting       | 1 2 3 4 5 7 8 9 10 | 10.1
Unarmed Combat | 1 2 3 4 5 6 7 8 9 |  9.3
Translocations | 1 3 5 6 7 |  7.0
Dodging        | 2 4 5 |  5.1
Invocations    | 4 6 |  6.0
Stealth        | |  1.7
Spellcasting   | |  2.0

Action                   |  1- 3 |  4- 6 |  7- 9 | 10-12 || total
-------------------------+-------+-------+-------+-------++-------
Melee: Unarmed           |   100 |   142 |   213 |   311 ||   766
       Punch             |     2 |     3 |     6 |    17 ||    28
       Headbutt          |    10 |    31 |    56 |    93 ||   190
       Tailslap          |       |       |       |    44 ||    44
 Cast: Freeze            |    43 |    19 |     4 |     6 ||    72
       Ozocubu's Armour  |       |     4 |     8 |    17 ||    29
       Frozen Ramparts   |       |       |    12 |    18 ||    30
       Blink             |       |       |     2 |     2 ||     4
  Use: Scroll            |     5 |    11 |     3 |     5 ||    24
       Potion            |       |       |     1 |       ||     1
 Stab: Sleeping          |     6 |     3 |     5 |     3 ||    17
       Distracted        |       |     1 |       |       ||     1
       Paralysed         |       |     3 |    12 |    14 ||    29
Armor: Robe              |    41 |    54 |    48 |    49 ||   192
       Troll leather arm |       |       |       |   140 ||   140
Dodge: Dodged            |    81 |   123 |   106 |   283 ||   593
Block: Other             |       |       |    13 |     8 ||    21
       Reflection        |       |       |     1 |       ||     1

Table legend: (Time is in decaauts)
 A = Elapsed time spent in this place.
 B = Non-inter-level travel time spent in this place.
 C = Inter-level travel time spent in this place.
 D = Time resting spent in this place.
 E = Time spent auto-exploring this place.
 F = Levels seen in this place.
 G = Mean time per level.
                   A        B        C        D        E       F      G
               +--------+--------+--------+--------+--------+-----+--------+
         Total |  16916 |  15496 |   1420 |    699 |  12488 |  16 | 1057.2 |
       Dungeon |  16686 |  15288 |   1398 |    699 |  12436 |  14 | 1191.9 |
        Temple |     87 |     65 |     22 |      0 |     52 |   1 |   87.0 |
         Abyss |    142 |    142 |      0 |      0 |      0 |   1 |  142.0 |
               +--------+--------+--------+--------+--------+-----+--------+

Top non-repeatable levels by time:
     D:1: 2275 daAuts
     D:9: 1672 daAuts
     D:4: 1545 daAuts
     D:2: 1463 daAuts
     D:7: 1455 daAuts
     D:3: 1441 daAuts
     D:5: 1226 daAuts
     D:6: 1219 daAuts
    D:10: 991 daAuts
    D:12: 946 daAuts
     D:8: 932 daAuts
    D:11: 810 daAuts
    D:13: 701 daAuts
 Abyss:2: 142 daAuts
  Temple: 87 daAuts
